3R
SHERIDAN DEER @ AMARILLO WARHEADS
07/21/2034
 
TOP OF THE 1ST
Sheridan Deer batting - Pitching for Amarillo Warheads : RHP Charlie Bottari
Pitching: RHP Charlie Bottari
Batting: LHB Tillmam Cru 0-0: Swinging Strike
0-1: Called Strike
0-2: Ball
1-2: Ball
2-2: Ball
3-2: SINGLE (Line Drive, 4)
Batting: RHB Wilbur Thomas 0-0: Called Strike
0-1: Called Strike
Tillmam Cru steals 2nd base
0-2: Ball
1-2: Ball
2-2: Ball
3-2: Base on Balls
Batting: LHB Allen Wrench 0-0: Called Strike
0-1: Fly out, F9 (Line Drive, 9S)
Now in RF: Ed Ackerman
Batting: RHB Stock Tonports 0-0: Ball
1-0: Ball
Tillmam Cru is caught stealing 3rd base
2-0: Ball
3-0: Called Strike
3-1: Swinging Strike
3-2: Fly out, F6 (Line Drive, 6)
Top of the 1st over - 0 runs, 1 hit, 0 errors, 1 left on base; Sheridan 0 - Amarillo 0
BOTTOM OF THE 1ST
Amarillo Warheads batting - Pitching for Sheridan Deer : RHP Juan Capmany
Pitching: RHP Juan Capmany
Batting: LHB Joe Walker 0-0: Foul Ball, location: 2F
0-1: Called Strike
0-2: Foul Ball, location: 2F
0-2: Foul Ball, location: 2F
0-2: Fly out, F9 (Flyball, 9S)
Batting: RHB Kiyohira Kan 0-0: Ball
1-0: Foul Ball, location: 2F
1-1: Ball
2-1: Ball
3-1: Base on Balls
Batting: LHB Fernando Guillén 0-0: Ball
1-0: Called Strike
1-1: Swinging Strike
1-2: Strikes out swinging
Batting: RHB Cristo Mercado 0-0: Called Strike
0-1: Foul Ball, location: 2F
0-2: Ball
1-2: Ball
2-2: Foul Ball, location: 2F
2-2: Fly out, F7 (Flyball, 7LSF)
Bottom of the 1st over - 0 runs, 0 hits, 0 errors, 1 left on base; Sheridan 0 - Amarillo 0
TOP OF THE 2ND
Sheridan Deer batting - Pitching for Amarillo Warheads : RHP Charlie Bottari
Batting: RHB Corey Ollerton 0-0: Ball
1-0: Ground out 4-3 (Groundball, 4)
Batting: RHB Roberto Guerrero 0-0: Called Strike
0-1: Ball
1-1: Foul Ball, location: 2F
1-2: Strikes out swinging
Batting: RHB Tolenka Kafengauz 0-0: Called Strike
0-1: Foul Ball, location: 2F
0-2: Ball
1-2: Ball
2-2: Fly out, F6 (Line Drive, 6M)
Top of the 2nd over - 0 runs, 0 hits, 0 errors, 0 left on base; Sheridan 0 - Amarillo 0
BOTTOM OF THE 2ND
Amarillo Warheads batting - Pitching for Sheridan Deer : RHP Juan Capmany
Batting: RHB John Steele 0-0: Called Strike
0-1: Ball
1-1: Foul Ball, location: 2F
1-2: Strikes out swinging
Batting: SHB Leonard Davis 0-0: Ball
1-0: Ball
2-0: Ball
3-0: Called Strike
3-1: Called Strike
3-2: Foul Ball, location: 2F
3-2: Base on Balls
Batting: SHB Ed Ackerman 0-0: Called Strike
0-1: Called Strike
0-2: Strikes out swinging
Batting: RHB Edgardo Márquez 0-0: Ball
1-0: Swinging Strike
1-1: Called Strike
1-2: SINGLE (Groundball, 34) (infield hit)
Leonard Davis to second
Batting: SHB Richard Mullins 0-0: Called Strike
0-1: Ball
1-1: Foul Ball, location: 2F
1-2: Foul Ball, location: 2F
1-2: Ball
2-2: Ball
3-2: Foul Ball, location: 2F
3-2: Ground out 6-3 (Groundball, 6)
Bottom of the 2nd over - 0 runs, 1 hit, 0 errors, 2 left on base; Sheridan 0 - Amarillo 0
TOP OF THE 3RD
Sheridan Deer batting - Pitching for Amarillo Warheads : RHP Charlie Bottari
Batting: LHB Arnie Ford 0-0: Ground out 5-3 (Groundball, 56S)
Batting: RHB Kunimatsu Furukawa 0-0: Foul Ball, location: 2F
0-1: SINGLE (Line Drive, 6MD)
Batting: LHB Tillmam Cru 0-0: Ball
1-0: Called Strike
1-1: Called Strike
1-2: Ball
2-2: Ball
3-2: Ground out U3 (Groundball, 34S)
Kunimatsu Furukawa to second
Batting: RHB Wilbur Thomas 0-0: Ball
1-0: Ball
2-0: Foul Ball, location: 2F
2-1: Foul Ball, location: 2F
2-2: Foul Ball, location: 2F
2-2: Ball
3-2: Base on Balls
Batting: LHB Allen Wrench 0-0: Fly out, F9 (Flyball, 9LSF)
Top of the 3rd over - 0 runs, 1 hit, 0 errors, 2 left on base; Sheridan 0 - Amarillo 0
BOTTOM OF THE 3RD
Amarillo Warheads batting - Pitching for Sheridan Deer : RHP Juan Capmany
Batting: LHB Joe Walker 0-0: Called Strike
0-1: Ball
1-1: Swinging Strike
1-2: Ball
2-2: Fly out, F8 (Flyball, 8RS)
Batting: RHB Kiyohira Kan 0-0: Swinging Strike
0-1: Ball
1-1: Swinging Strike
1-2: Strikes out swinging
Batting: LHB Fernando Guillén 0-0: Ball
1-0: Ball
2-0: Ball
3-0: Base on Balls
Batting: RHB Cristo Mercado 0-0: Ball
Fernando Guillén steals 2nd base
1-0: Called Strike
1-1: Swinging Strike
1-2: Fly out, F8 (Flyball, 8LS)
Bottom of the 3rd over - 0 runs, 0 hits, 0 errors, 1 left on base; Sheridan 0 - Amarillo 0
TOP OF THE 4TH
Sheridan Deer batting - Pitching for Amarillo Warheads : RHP Charlie Bottari
Batting: RHB Stock Tonports 0-0: Swinging Strike
0-1: Swinging Strike
0-2: Ball
1-2: Ball
2-2: Strikes out swinging
Pitching: RHP Lorenzo Carregosa
Batting: RHB Corey Ollerton 0-0: Called Strike
0-1: Ground out 1-3 (Groundball, 13)
Batting: RHB Roberto Guerrero 0-0: Ball
1-0: Called Strike
1-1: Ball
2-1: Ball
3-1: Called Strike
3-2: SINGLE (Groundball, 56D)
Batting: RHB Tolenka Kafengauz 0-0: Foul Ball, location: 2F
0-1: Called Strike
0-2: Ball
1-2: SINGLE (Flyball, 89S)
Roberto Guerrero to second
Runner from 2nd tries for 3rd, SAFE, no throw
Batting: LHB Arnie Ford 0-0: Ball
1-0: Swinging Strike
1-1: Called Strike
1-2: Strikes out swinging
Top of the 4th over - 0 runs, 2 hits, 0 errors, 2 left on base; Sheridan 0 - Amarillo 0
BOTTOM OF THE 4TH
Amarillo Warheads batting - Pitching for Sheridan Deer : RHP Juan Capmany
Batting: RHB John Steele 0-0: Ball
1-0: Ground out 5-3 (Groundball, 56)
Batting: SHB Leonard Davis 0-0: Called Strike
0-1: Swinging Strike
0-2: Strikes out looking
Batting: SHB Ed Ackerman 0-0: Swinging Strike
0-1: Foul Ball, location: 2F
0-2: Strikes out looking
Bottom of the 4th over - 0 runs, 0 hits, 0 errors, 0 left on base; Sheridan 0 - Amarillo 0
TOP OF THE 5TH
Sheridan Deer batting - Pitching for Amarillo Warheads : RHP Lorenzo Carregosa
Batting: RHB Kunimatsu Furukawa 0-0: Ball
1-0: Foul Ball, location: 2F
1-1: Ball
2-1: Swinging Strike
2-2: SINGLE (Line Drive, 7S)
Batting: LHB Tillmam Cru 0-0: Bunt missed!
0-1: Ball
1-1: Bunt missed!
1-2: Ball
2-2: Ball
3-2: Hit by Pitch
Kunimatsu Furukawa to second
Batting: RHB Wilbur Thomas 0-0: Reached via error on a dropped throw, E3
Kunimatsu Furukawa to third
Tillmam Cru to second
Batting: LHB Allen Wrench 0-0: Ball
1-0: Ball
Wild Pitch!
Kunimatsu Furukawa scores
Tillmam Cru to third
Wilbur Thomas to second
2-0: Called Strike
2-1: Ball
3-1: Called Strike
3-2: Ground out 4-3 (Groundball, 4)
Tillmam Cru scores
Wilbur Thomas to third
Batting: RHB Stock Tonports 0-0: Fly out, F6 (Flyball, 6D)
Batting: RHB Corey Ollerton 0-0: Ball
1-0: Called Strike
1-1: Fly out, F7 (Flyball, 78S)
Top of the 5th over - 2 runs, 1 hit, 1 error, 1 left on base; Sheridan 2 - Amarillo 0
BOTTOM OF THE 5TH
Amarillo Warheads batting - Pitching for Sheridan Deer : RHP Juan Capmany
Batting: RHB Edgardo Márquez 0-0: Ball
1-0: Ball
2-0: Called Strike
2-1: Fly out, F7 (Line Drive, 7S)
Batting: SHB Richard Mullins 0-0: Ball
1-0: Ball
2-0: Called Strike
2-1: Ball
3-1: Ground out 1-3 (Groundball, 13)
Batting: LHB Joe Walker 0-0: Fly out, F4 (Popup, 4)
Bottom of the 5th over - 0 runs, 0 hits, 0 errors, 0 left on base; Sheridan 2 - Amarillo 0
TOP OF THE 6TH
Sheridan Deer batting - Pitching for Amarillo Warheads : RHP Lorenzo Carregosa
Batting: RHB Roberto Guerrero 0-0: Called Strike
0-1: Ball
1-1: Ball
2-1: TRIPLE (Flyball, 9D)
Batting: RHB Tolenka Kafengauz 0-0: Ball
1-0: Called Strike
1-1: Ball
2-1: Ball
3-1: Base on Balls
Pitching: LHP Pellervo Soisalo
Batting: LHB Arnie Ford 0-0: Swinging Strike
0-1: Ball
1-1: Swinging Strike
1-2: Ball
Tolenka Kafengauz steals 2nd base
2-2: Foul Ball, location: 2F
2-2: Ground out U3 (Groundball, 3S)
Batting: RHB Kunimatsu Furukawa 0-0: Called Strike
0-1: Foul Ball, location: 2F
0-2: Fly out, F9 (Line Drive, 9)
Runner from 3rd tags up, SCORES, throw made
Batting: LHB Tillmam Cru 0-0: Called Strike
0-1: SINGLE (Line Drive, 9S)
Tolenka Kafengauz to third
Runner from 3rd tries for Home, SAFE, no throw
Batting: RHB Wilbur Thomas 0-0: Called Strike
0-1: Ball
1-1: Called Strike
Pickoff Throw by Catcher to First - Error! E2
Tillmam Cru to second
1-2: Strikes out swinging
Top of the 6th over - 2 runs, 2 hits, 1 error, 1 left on base; Sheridan 4 - Amarillo 0
BOTTOM OF THE 6TH
Amarillo Warheads batting - Pitching for Sheridan Deer : RHP Juan Capmany
Pitching: LHP Brian Holman
Batting: RHB Kiyohira Kan 0-0: SINGLE (Line Drive, 89S)
Batting: LHB Fernando Guillén 0-0: Grounds into double play, 4-6-3 (Groundball, 4)
Batting: RHB Cristo Mercado 0-0: Ground out 6-3 (Groundball, 56)
Bottom of the 6th over - 0 runs, 1 hit, 0 errors, 0 left on base; Sheridan 4 - Amarillo 0
TOP OF THE 7TH
Sheridan Deer batting - Pitching for Amarillo Warheads : LHP Pellervo Soisalo
Batting: LHB Allen Wrench 0-0: Called Strike
0-1: Foul Ball, location: 2F
0-2: Ball
1-2: Ball
2-2: Foul Ball, location: 2F
2-2: Ground out 3-1 (Groundball, 34)
Batting: RHB Stock Tonports 0-0: Called Strike
0-1: Ball
1-1: Called Strike
1-2: SINGLE (Groundball, 6D)
Batting: RHB Corey Ollerton 0-0: Called Strike
0-1: Foul Ball, location: 2F
0-2: Ball
1-2: Strikes out looking
Batting: RHB Roberto Guerrero 0-0: 2-RUN HOME RUN (Flyball, 78XD), Distance : 409 ft
Batting: RHB Tolenka Kafengauz 0-0: Foul Ball, location: 2F
0-1: Swinging Strike
0-2: Ball
1-2: Ball
2-2: Strikes out swinging
Top of the 7th over - 2 runs, 2 hits, 0 errors, 0 left on base; Sheridan 6 - Amarillo 0
BOTTOM OF THE 7TH
Amarillo Warheads batting - Pitching for Sheridan Deer : LHP Brian Holman
Now at C: Shao Qigang
Batting: RHB John Steele 0-0: Called Strike
0-1: Ball
1-1: Fly out, F4 (Line Drive, 4M)
Batting: SHB Leonard Davis 0-0: Called Strike
0-1: Fly out, F7 (Flyball, 7)
Batting: SHB Ed Ackerman 0-0: Called Strike
0-1: Ball
1-1: Swinging Strike
1-2: Foul Ball, location: 2F
1-2: Ball
2-2: Foul Ball, location: 2F
2-2: Ball
3-2: Reached via error on a dropped throw, E3
Batting: RHB Edgardo Márquez 0-0: Ball
1-0: Called Strike
1-1: Fly out, F9 (Flyball, 89D)
Bottom of the 7th over - 0 runs, 0 hits, 1 error, 1 left on base; Sheridan 6 - Amarillo 0
TOP OF THE 8TH
Sheridan Deer batting - Pitching for Amarillo Warheads : LHP Pellervo Soisalo
Batting: LHB Arnie Ford 0-0: SINGLE (Groundball, 56D)
Batting: RHB Kunimatsu Furukawa 0-0: Ball
1-0: Called Strike
1-1: Called Strike
1-2: Ball
2-2: Foul Ball, location: 2F
2-2: Ball
3-2: SINGLE (Groundball, 56D)
Arnie Ford to second
Batting: LHB Tillmam Cru 0-0: Swinging Strike
0-1: Called Strike
0-2: Fielders Choice at 2nd, 6-4 (Groundball, 6)
Arnie Ford to third
Batting: RHB Wilbur Thomas 0-0: Ball
Tillmam Cru is caught stealing 2nd base
1-0: Foul Ball, location: 2F
1-1: Ball
2-1: SINGLE (Groundball, 6MD)
Arnie Ford scores
Batting: LHB Allen Wrench 0-0: Foul Ball, location: 2F
0-1: Called Strike
0-2: Ball
Wilbur Thomas is caught stealing 2nd base
Top of the 8th over - 1 run, 3 hits, 0 errors, 0 left on base; Sheridan 7 - Amarillo 0
BOTTOM OF THE 8TH
Amarillo Warheads batting - Pitching for Sheridan Deer : LHP Brian Holman
Now at SS: Manu Pakkarinen
Batting: SHB Richard Mullins 0-0: Foul Ball, location: 2F
0-1: Ball
1-1: SINGLE (Flyball, 9S)
Batting: LHB Joe Walker 0-0: Called Strike
0-1: Called Strike
0-2: Ball
1-2: Foul Ball, location: 2F
1-2: Ball
2-2: Ball
3-2: Fielders Choice at 2nd, 1-6 (Groundball, P)
Batting: RHB Kiyohira Kan 0-0: Fielders Choice at 2nd, 6-4 (Groundball, 6)
Batting: LHB Fernando Guillén 0-0: Called Strike
0-1: Ball
1-1: Foul Ball, location: 2F
1-2: Ball
2-2: Foul Ball, location: 2F
2-2: Ball
3-2: Ground out 4-3 (Groundball, 4)
Bottom of the 8th over - 0 runs, 1 hit, 0 errors, 1 left on base; Sheridan 7 - Amarillo 0
TOP OF THE 9TH
Sheridan Deer batting - Pitching for Amarillo Warheads : LHP Pellervo Soisalo
Batting: LHB Allen Wrench 0-0: Ball
1-0: Fly out, F7 (Flyball, 7D)
Batting: RHB Stock Tonports 0-0: Foul Ball, location: 2F
0-1: Called Strike
0-2: Strikes out swinging
Batting: RHB Shao Qigang 0-0: Ball
1-0: Foul Ball, location: 2F
1-1: Foul Ball, location: 2F
1-2: Foul Ball, location: 2F
1-2: Ball
2-2: Strikes out looking
Top of the 9th over - 0 runs, 0 hits, 0 errors, 0 left on base; Sheridan 7 - Amarillo 0
BOTTOM OF THE 9TH
Amarillo Warheads batting - Pitching for Sheridan Deer : LHP Brian Holman
Batting: RHB Cristo Mercado 0-0: Ball
1-0: Ball
2-0: Foul Ball, location: 2F
2-1: Foul Ball, location: 2F
2-2: Ball
3-2: Foul Ball, location: 2F
3-2: Foul Ball, location: 2F
3-2: Base on Balls
Batting: RHB John Steele 0-0: Ball
1-0: Ball
2-0: Fly out, F9 (Flyball, 89S)
Batting: SHB Leonard Davis 0-0: Ball
1-0: Ball
2-0: Fly out, F6 (Line Drive, 56)
Batting: SHB Ed Ackerman 0-0: Called Strike
0-1: Foul Ball, location: 2F
0-2: Fielders Choice at 2nd, 5-4 (Groundball, 56)
Bottom of the 9th over - 0 runs, 0 hits, 0 errors, 1 left on base; Sheridan 7 - Amarillo 0
Friday, March 29th, 2019 - OOTP Baseball 18.8 Build 76